[Event "Titled Tuesday Blitz August 15 Early 2023"]
[White "Hua, Lefong"]
[Black "Korpics, Zsolt"]
[WhiteFideId "2602253"]
[BlackFideId "705241"]
[WhiteElo "2689"]
[BlackElo "2363"]
[Result "1-0"]
[Round "1"]
[TimeControl "180+1"]
[Date "2023.08.15"]
[WhiteClock "0:01:13"]
[BlackClock "0:00:04"]
[Board "118"]

1. d4 Nf6 2. c4 e6 3. Nc3 Bb4 4. f3 c5 5. a3 Bxc3+ 6. bxc3 d5 7. cxd5 exd5 8. e3 O-O 9. Bd3 Nc6 10. Ne2 c4 11. Bc2 b5 12. Ng3 a5 13. O-O Rb8 14. e4 b4 15. axb4 axb4 16. e5 Ne8 17. Bd2 Nc7 18. f4 Nb5 19. f5 bxc3 20. Be3 Nb4 21. f6 g6 22. Qf3 Nxc2 23. Qf4 Nc7 24. Qh6 Ne6 25. Rf4 Nxa1 26. Rh4 Rb1+ 27. Nf1 Rxf1+ 28. Kxf1 Re8 29. Qxh7+ Kf8 30. Qh8# 1-0


[Site "https://www.chess.com"]

[Event "Titled Tuesday Blitz August 15 Early 2023"]
[White "Frayna, Janelle Mae"]
[Black "Mgeladze, Tamaz"]
[WhiteFideId "5212499"]
[BlackFideId "13601202"]
[WhiteElo "2358"]
[BlackElo "2685"]
[Result "1-0"]
[Round "1"]
[TimeControl "180+1"]
[Date "2023.08.15"]
[WhiteClock "0:01:03"]
[BlackClock "0:00:42"]
[Board "119"]

1. Nf3 Nf6 2. c4 c5 3. g3 Nc6 4. Bg2 g6 5. O-O Bg7 6. d4 cxd4 7. Nxd4 Nxd4 8. Qxd4 O-O 9. Nc3 d6 10. b3 Be6 11. Bb2 Qd7 12. Rfd1 Nd5 13. Qd2 Nxc3 14. Bxc3 Bxc3 15. Qxc3 Rfc8 16. Rac1 Rab8 17. Qd4 a6 18. c5 Qb5 19. cxd6 exd6 20. Bf3 d5 21. h4 h5 22. Qe5 Re8 23. Qg5 Kh7 24. Rc7 Rbc8 25. Rdc1 Rxc7 26. Rxc7 Qb6 27. Qf4 a5 28. Rxf7+ Kg8 29. Rf6 Kh7 30. Qg5 Rg8 31. Bxh5 1-0


[Site "https://www.chess.com"]

[Event "Titled Tuesday Blitz August 15 Early 2023"]
[White "Vaishali, Rameshbabu"]
[Black "Polaczek, Richard"]
[WhiteFideId "5091756"]
[BlackFideId "200026"]
[WhiteElo "2685"]
[BlackElo "2358"]
[Result "1-0"]
[Round "1"]
[TimeControl "180+1"]
[Date "2023.08.15"]
[WhiteClock "0:00:04"]
[BlackClock "0:00:06"]
[Board "120"]

1. e4 Nf6 2. e5 Nd5 3. d4 d6 4. c4 Nb6 5. f4 dxe5 6. fxe5 c5 7. d5 g6 8. Bf4 Bg7 9. Nc3 O-O 10. Be2 e6 11. Nf3 exd5 12. cxd5 Bg4 13. O-O N8d7 14. Re1 Bxf3 15. Bxf3 Nc4 16. e6 fxe6 17. dxe6 Rxf4 18. Qxd7 Ne5 19. Qxb7 Rb8 20. e7 Qe8 21. Qd5+ Kh8 22. Rxe5 Rd4 23. Qxc5 Rd2 24. Rae1 Rbxb2 25. Qc6 1-0


[Site "https://www.chess.com"]

[Event "Titled Tuesday Blitz August 15 Early 2023"]
[White "Ovezdurdyyeva, Jemal"]
[Black "Maltsevskaya, Aleksandra"]
[WhiteFideId "14001888"]
[BlackFideId "24174041"]
[WhiteElo "2357"]
[BlackElo "2682"]
[Result "0-1"]
[Round "1"]
[TimeControl "180+1"]
[Date "2023.08.15"]
[WhiteClock "0:01:03"]
[BlackClock "0:01:05"]
[Board "121"]

1. e4 c5 2. Nf3 e6 3. c3 d5 4. exd5 exd5 5. d4 Bd6 6. dxc5 Bxc5 7. Bd3 Ne7 8. O-O h6 9. Bc2 O-O 10. Qd3 Bf5 11. Qe2 Nbc6 12. Rd1 Re8 13. Bxf5 Nxf5 14. Qc2 Qf6 15. Rxd5 Nh4 16. Nbd2 Re1+ 0-1


[Site "https://www.chess.com"]

[Event "Titled Tuesday Blitz August 15 Early 2023"]
[White "Papasimakopoulos, Alexandros"]
[Black "FlemingA"]
[WhiteFideId "4244125"]
[WhiteElo "2680"]
[BlackElo "2350"]
[Result "1-0"]
[Round "1"]
[TimeControl "180+1"]
[Date "2023.08.15"]
[WhiteClock "0:00:35"]
[BlackClock "0:00:12"]
[Board "122"]

1. d4 Nf6 2. c4 g6 3. Nc3 Bg7 4. Bg5 O-O 5. e3 d6 6. Nf3 c5 7. Be2 a6 8. O-O Bf5 9. a4 Nc6 10. d5 Ne5 11. Nxe5 dxe5 12. a5 h6 13. Bh4 g5 14. Bg3 Ne4 15. Nxe4 Bxe4 16. Qb3 Qd7 17. Qb6 Rac8 18. f3 Bg6 19. e4 f5 20. exf5 Bxf5 21. Rad1 Qd6 22. Qb3 Rb8 23. Bd3 Bxd3 24. Qxd3 b5 25. axb6 Qxb6 26. Rf2 Qb3 27. Qe2 e4 28. Bxb8 Rxb8 29. Rff1 Bd4+ 30. Kh1 e3 31. Rd3 Qxb2 32. Rxe3 Bxe3 33. Qxe3 a5 34. Qe6+ Kf8 35. d6 exd6 36. Qxd6+ Kg7 37. Qc7+ Kg6 38. Qxc5 Qb6 39. Qe5 a4 40. Rd1 Qb1 41. Qd6+ Kh5 42. g4+ Kh4 43. Qxh6# 1-0


[Site "https://www.chess.com"]

[Event "Titled Tuesday Blitz August 15 Early 2023"]
[White "Sovetbekova, Nurai"]
[Black "Gubajdullin, Alexei"]
[WhiteFideId "13801910"]
[BlackFideId "4141202"]
[WhiteElo "2347"]
[BlackElo "2680"]
[Result "0-1"]
[Round "1"]
[TimeControl "180+1"]
[Date "2023.08.15"]
[WhiteClock "0:00:00"]
[BlackClock "0:00:11"]
[Board "123"]

1. d4 g6 2. e4 d6 3. Nf3 a6 4. c4 Bg7 5. Nc3 Nf6 6. Bd3 O-O 7. O-O c5 8. d5 e6 9. h3 exd5 10. exd5 Nh5 11. Bg5 Bf6 12. Bh6 Re8 13. Qd2 Bg7 14. Rae1 Nd7 15. Ne4 Ne5 16. Nxe5 Bxe5 17. Re2 Bf5 18. Rfe1 Bxe4 19. Bxe4 Bd4 20. Bf3 Rxe2 21. Rxe2 Ng7 22. Qe1 Nf5 23. Bf4 Kg7 24. Bg4 Nh6 25. Bxh6+ Kxh6 26. Re7 Qf8 27. Rxb7 Re8 28. Qd2+ Kg7 29. Bd7 Re7 30. Bc6 Qd8 31. Rxe7 Qxe7 32. Ba4 Qf6 33. b3 h5 34. Bd7 h4 35. Bg4 Be5 36. Bf3 Bf4 37. Qe1 Qd4 38. Qd1 Qc3 39. Kf1 Be5 40. Kg1 Bd4 41. Qe2 Qc1+ 42. Kh2 Qf4+ 43. g3 Qg5 44. Kg2 Be5 45. Qe1 hxg3 46. fxg3 Qf5 47. Be4 Qg5 48. Qe2 Qxg3+ 49. Kf1 Qxh3+ 50. Bg2 Qg3 51. Qe4 Bd4 52. Qf3 Qg5 53. a3 Qd2 54. Qe2 Qc1+ 55. Qe1 Qc2 56. b4 Qxc4+ 0-1


[Site "https://www.chess.com"]

[Event "Titled Tuesday Blitz August 15 Early 2023"]
[White "Haug, Havard"]
[Black "Fuzesabonyilaci"]
[WhiteFideId "1547887"]
[WhiteElo "2680"]
[BlackElo "2346"]
[Result "0-1"]
[Round "1"]
[TimeControl "180+1"]
[Date "2023.08.15"]
[WhiteClock "0:00:34"]
[BlackClock "0:00:39"]
[Board "124"]

1. e4 c5 2. c3 d5 3. exd5 Qxd5 4. d4 Nf6 5. Nf3 g6 6. Nbd2 cxd4 7. Bc4 Qd6 8. Nxd4 a6 9. O-O Bg7 10. N2f3 O-O 11. Re1 b5 12. Bb3 Bb7 13. a4 b4 14. Nc2 Qxd1 15. Rxd1 bxc3 16. bxc3 Ne4 17. Ba3 Re8 18. Rdb1 Bxc3 19. Ra2 Bc6 20. Ncd4 Bxd4 21. Nxd4 Nc3 22. Rc1 Nxa2 23. Bxa2 Bxa4 24. h3 Nd7 25. Rc7 e6 26. Nf3 Rec8 27. Rb7 Bc6 28. Rb1 Bxf3 29. gxf3 Rc3 30. Bd6 Rxf3 31. Rc1 Rd3 32. Bg3 a5 33. Bb1 Rd2 34. Be4 Rd8 35. Ra1 Nc5 36. Bf3 Nb3 37. Ra3 Nd4 38. Be4 Ne2+ 39. Kg2 Nxg3 40. Kxg3 R2d4 41. Bc6 Rd3+ 42. Rxd3 Rxd3+ 43. Kf4 a4 44. Bxa4 Rd4+ 45. Kg3 Rxa4 46. h4 h5 0-1


[Site "https://www.chess.com"]

[Event "Titled Tuesday Blitz August 15 Early 2023"]
[White "rikchessmx"]
[Black "Aaditya Dhingra"]
[BlackFideId "25678191"]
[WhiteElo "2346"]
[BlackElo "2679"]
[Result "0-1"]
[Round "1"]
[TimeControl "180+1"]
[Date "2023.08.15"]
[WhiteClock "0:00:12"]
[BlackClock "0:00:55"]
[Board "125"]

1. e4 c5 2. Nf3 e6 3. d4 cxd4 4. Nxd4 Nf6 5. Nc3 Nc6 6. Nxc6 bxc6 7. Bd3 d5 8. O-O Be7 9. Qe2 a5 10. b3 O-O 11. Bb2 Re8 12. f4 d4 13. Nd1 c5 14. Rf3 a4 15. Rh3 g6 16. Nf2 e5 17. f5 axb3 18. cxb3 Qb6 19. Ng4 Nxg4 20. Qxg4 Ba6 21. fxg6 hxg6 22. Bxa6 Rxa6 23. Qg3 Bf6 24. Kh1 c4 25. a3 c3 26. Bc1 Qxb3 27. Qd3 Rc6 28. Rb1 Qc4 29. Qf3 d3 30. Qxd3 Rd8 31. Qc2 Qf1# 0-1


[Site "https://www.chess.com"]

[Event "Titled Tuesday Blitz August 15 Early 2023"]
[White "Dehtiarov, Roman"]
[Black "Li, Hui"]
[WhiteFideId "14186640"]
[BlackFideId "15400310"]
[WhiteElo "2675"]
[BlackElo "2345"]
[Result "1-0"]
[Round "1"]
[TimeControl "180+1"]
[Date "2023.08.15"]
[WhiteClock "0:00:25"]
[BlackClock "0:00:00"]
[Board "126"]

1. e4 e5 2. Nf3 Nf6 3. Nc3 Nc6 4. Bb5 Bb4 5. O-O O-O 6. Bxc6 dxc6 7. d3 Bg4 8. h3 Bh5 9. Kh2 Bd6 10. g4 Nxg4+ 11. hxg4 Bxg4 12. Rg1 Bh5 13. Bh6 Bg6 14. Bg5 f6 15. Be3 Bh5 16. Rg3 f5 17. exf5 Rxf5 18. Ne4 Qf8 19. Kg2 Qf7 20. Neg5 Qd5 21. Qh1 Bxf3+ 22. Nxf3 Raf8 23. Qh3 h6 24. c4 Qxd3 25. Qxh6 R8f7 26. Rh1 Kf8 27. Qh8+ Ke7 28. Bg5+ Kd7 29. Nxe5+ Bxe5 30. Rxd3+ 1-0


[Site "https://www.chess.com"]

[Event "Titled Tuesday Blitz August 15 Early 2023"]
[White "Bogaudinov, Rushan"]
[Black "Kushko, Dmitriy"]
[WhiteFideId "4129288"]
[BlackFideId "14162261"]
[WhiteElo "2344"]
[BlackElo "2673"]
[Result "0-1"]
[Round "1"]
[TimeControl "180+1"]
[Date "2023.08.15"]
[WhiteClock "0:00:00"]
[BlackClock "0:00:42"]
[Board "127"]

1. d4 g6 2. Nf3 Bg7 3. e3 Nf6 4. Be2 O-O 5. O-O c5 6. c4 cxd4 7. Nxd4 d5 8. Nc3 Nc6 9. Nxc6 bxc6 10. cxd5 cxd5 11. Bf3 Bb7 12. Qa4 e6 13. Rd1 Nd7 14. Qa3 Ne5 15. Be2 Qb6 16. Na4 Qc6 17. Nc5 a5 18. Nxb7 Qxb7 19. Rb1 Rfc8 20. h3 Rc2 21. Rd2 Rac8 22. Rxc2 Rxc2 23. Bd1 Qc7 24. Bxc2 Qxc2 25. Ra1 Nd3 26. f4 Nxc1 27. Qxa5 Bxb2 28. Qd8+ Kg7 29. Rxc1 Qxc1+ 30. Kf2 Bc3 31. Qe7 Qe1+ 32. Kf3 Qf1+ 33. Kg3 Qe1+ 34. Kh2 Qxe3 35. Qd6 Bd2 36. g3 Qf2+ 37. Kh1 Qe1+ 38. Kg2 Qe4+ 39. Kf1 Qf3+ 40. Kg1 Be3+ 0-1


[Site "https://www.chess.com"]

[Event "Titled Tuesday Blitz August 15 Early 2023"]
[White "Hoang, Thi Bao Tram"]
[Black "Okike, David"]
[WhiteFideId "12401102"]
[BlackFideId "8500134"]
[WhiteElo "2663"]
[BlackElo "2343"]
[Result "1-0"]
[Round "1"]
[TimeControl "180+1"]
[Date "2023.08.15"]
[WhiteClock "0:00:39"]
[BlackClock "0:01:12"]
[Board "128"]

1. d4 Nf6 2. Nf3 e6 3. g3 b5 4. Bg2 Bb7 5. O-O Be7 6. a4 b4 7. c4 bxc3 8. bxc3 c5 9. Ba3 Qc7 10. Nbd2 d5 11. Rb1 Ba6 12. Re1 O-O 13. Nb3 Nbd7 14. Nfd2 Rfe8 15. c4 cxd4 16. Bxe7 Rxe7 17. cxd5 Nxd5 18. Nxd4 Rc8 19. Qb3 N7f6 20. h3 Nc3 21. Rbc1 Nxe2+ 22. Nxe2 Qb8 23. Qxb8 Rxb8 24. Nd4 h5 25. Nc6 1-0


[Site "https://www.chess.com"]

[Event "Titled Tuesday Blitz August 15 Early 2023"]
[White "Bashirli, Saadat"]
[Black "Parkhov, Yair"]
[WhiteFideId "13429990"]
[BlackFideId "2813408"]
[WhiteElo "2341"]
[BlackElo "2662"]
[Result "0-1"]
[Round "1"]
[TimeControl "180+1"]
[Date "2023.08.15"]
[WhiteClock "0:00:23"]
[BlackClock "0:00:26"]
[Board "129"]

1. e4 c6 2. c4 g6 3. Nc3 Bg7 4. d4 d6 5. Be2 Nf6 6. Bg5 O-O 7. Nf3 h6 8. Bf4 Nbd7 9. O-O e5 10. dxe5 Nh5 11. Be3 dxe5 12. Qd6 Re8 13. Rad1 Bf8 14. Qd2 Kh7 15. a3 Qe7 16. b4 Ndf6 17. c5 Ng4 18. Bc4 Qf6 19. h3 Nxe3 20. fxe3 Be6 21. Nd4 Bxc4 22. Rxf6 Nxf6 23. Nf3 Kg7 24. Kh2 Re6 25. Qf2 Rae8 26. g4 R6e7 27. Qg3 Nd7 28. h4 f6 29. Nd2 Bf7 30. Nf3 g5 31. h5 Be6 32. Rd6 Rf7 33. Rd2 Nb8 34. Kh3 Rd7 35. Qe1 Red8 36. Kg3 Na6 37. Qe2 Nc7 38. Rxd7+ Rxd7 39. Kh3 a6 40. Kg3 Nb5 41. Nxb5 axb5 42. Nd2 Be7 43. Kh3 Kf7 44. Kg3 Bd8 45. Kh3 Bc7 46. Kg3 Ke7 47. Kh3 Kd8 48. Kg3 Kc8 49. Kf3 b6 50. Kg3 bxc5 51. bxc5 Kb7 52. Qf2 Ba5 53. Nf1 Bd8 54. Kf3 Rd3 55. Qb2 Ba5 56. Ng3 Bc3 57. Qc2 Bc4 58. Nf5 Be1 59. Nd6+ Kc7 60. Nxc4 bxc4 61. Qxc4 Rd2 62. Qf1 Bh4 63. a4 Kb7 64. a5 Ka8 65. a6 Ka7 66. Qg1 Kxa6 67. Qa1+ Kb7 68. Qf1 Rf2+ 69. Qxf2 Bxf2 70. Kxf2 Ka6 71. Ke2 Kb5 72. Kd3 Kxc5 73. Kc3 Kb5 74. Kb3 c5 75. Kc3 c4 76. Kc2 Kb4 77. Kb2 c3+ 78. Kc2 Kc4 79. Kc1 Kd3 80. Kd1 Kxe4 81. Kc2 Kxe3 82. Kxc3 Kf4 83. Kd3 Kxg4 84. Ke2 Kxh5 85. Ke3 Kg4 86. Ke4 h5 87. Ke3 h4 88. Ke4 h3 89. Ke3 h2 90. Ke4 h1=Q+ 91. Ke3 Qf3+ 92. Kd2 e4 93. Kc2 e3 94. Kb2 e2 95. Ka2 e1=Q 96. Kb2 Qee2+ 97. Kb1 Qff1# 0-1


[Site "https://www.chess.com"]

[Event "Titled Tuesday Blitz August 15 Early 2023"]
[White "Huschenbeth, Niclas"]
[Black "Nithyalakshmi, Sivanesan"]
[WhiteFideId "24604747"]
[BlackFideId "5706955"]
[WhiteElo "2660"]
[BlackElo "2341"]
[Result "1-0"]
[Round "1"]
[TimeControl "180+1"]
[Date "2023.08.15"]
[WhiteClock "0:00:43"]
[BlackClock "0:00:00"]
[Board "130"]

1. e4 e6 2. d4 d5 3. Nc3 Nf6 4. Bg5 h6 5. Bxf6 Qxf6 6. a3 c6 7. Nf3 dxe4 8. Nxe4 Qd8 9. Bd3 Be7 10. Qe2 Nd7 11. O-O-O Nf6 12. Nxf6+ Bxf6 13. g4 Qc7 14. Qe3 Bd7 15. h4 O-O-O 16. g5 Be7 17. Ne5 Rdf8 18. g6 Bd6 19. Kb1 Bxe5 20. dxe5 Qb6 21. Qd2 fxg6 22. Bxg6 Rd8 23. f4 c5 24. Qe3 Bc6 25. Rhg1 Bd5 26. f5 c4 27. Qxb6 axb6 28. Bf7 Bf3 29. Bxe6+ Kc7 30. Rxg7+ 1-0


[Site "https://www.chess.com"]

[Event "Titled Tuesday Blitz August 15 Early 2023"]
[White "Pershina, Elena"]
[Black "Iskusnyh, Sergei"]
[WhiteFideId "24147516"]
[BlackFideId "4120027"]
[WhiteElo "2339"]
[BlackElo "2648"]
[Result "0-1"]
[Round "1"]
[TimeControl "180+1"]
[Date "2023.08.15"]
[WhiteClock "0:00:51"]
[BlackClock "0:00:50"]
[Board "131"]

1. c4 e5 2. Nc3 Bb4 3. g3 Bxc3 4. dxc3 d6 5. e4 Nc6 6. Bd3 Nge7 7. Ne2 O-O 8. Qc2 f5 9. f3 fxe4 10. Bxe4 Bf5 11. Bd2 Bxe4 12. Qxe4 Qd7 13. O-O-O Qf5 14. Qxf5 Nxf5 15. f4 e4 16. g4 Nh4 17. Nd4 Rae8 18. Be1 Ng2 19. f5 Ne3 20. Ne6 Rxe6 21. fxe6 Nxd1 22. Kxd1 Re8 23. Rf1 Rxe6 24. Bh4 Ne5 25. c5 Nxg4 26. Ke2 d5 27. h3 Ne5 28. Rf5 g6 29. Rf4 Nd3 30. Rf1 Nxb2 31. Bg5 Nd3 32. Bh6 Re8 33. h4 Ne5 34. Rf4 Nf7 0-1


[Site "https://www.chess.com"]

[Event "Titled Tuesday Blitz August 15 Early 2023"]
[White "Shuvalova, Polina"]
[Black "Gatterer, Florian"]
[WhiteFideId "24171760"]
[BlackFideId "811688"]
[WhiteElo "2643"]
[BlackElo "2339"]
[Result "1-0"]
[Round "1"]
[TimeControl "180+1"]
[Date "2023.08.15"]
[WhiteClock "0:00:33"]
[BlackClock "0:00:21"]
[Board "132"]

1. f4 d5 2. g3 g6 3. Bg2 Bg7 4. Nf3 Nf6 5. O-O O-O 6. d3 c5 7. Nbd2 d4 8. e4 dxe3 9. Nc4 Nd5 10. c3 Nc6 11. Nxe3 Nxe3 12. Bxe3 Bf5 13. Ne1 Qd6 14. Qb3 b6 15. Rd1 Be6 16. Qc2 Bd5 17. Nf3 e5 18. Rde1 Rad8 19. b3 Rfe8 20. Qf2 Qd7 21. c4 Bxf3 22. Qxf3 Nd4 23. Bxd4 Qxd4+ 24. Kh1 Qxd3 25. Qxd3 Rxd3 26. Bd5 e4 27. f5 Bc3 28. fxg6 hxg6 29. Bxf7+ Kg7 30. Bxe8 Bxe1 31. Rxe1 e3 32. Re2 Kf6 33. Kg2 g5 34. Kf3 g4+ 35. Kxg4 Ke5 36. Kf3 Kd4 37. Bg6 Rd2 38. Rxd2+ exd2 39. Ke2 Kc3 40. Kd1 1-0


[Site "https://www.chess.com"]

[Event "Titled Tuesday Blitz August 15 Early 2023"]
[White "Vasques, Antonio Pedro Freixial"]
[Black "Turayev, Shahruh"]
[WhiteFideId "1908332"]
[BlackFideId "14003856"]
[WhiteElo "2338"]
[BlackElo "2637"]
[Result "1-0"]
[Round "1"]
[TimeControl "180+1"]
[Date "2023.08.15"]
[WhiteClock "0:00:13"]
[BlackClock "0:00:00"]
[Board "133"]

1. e4 d5 2. exd5 Qxd5 3. Nc3 Qa5 4. Nf3 Nf6 5. Bc4 Nc6 6. d3 Bg4 7. h3 Qh5 8. Bb5 e6 9. Bd2 Bd6 10. Qe2 O-O 11. Bxc6 bxc6 12. Ne4 Nxe4 13. Qxe4 Bxf3 14. gxf3 Qd5 15. Rg1 f5 16. Qc4 Be5 17. O-O-O Rab8 18. Bc3 Bxc3 19. Qxc3 Rf7 20. Rg3 Re8 21. Rdg1 Ree7 22. f4 h6 23. b3 Kh7 24. h4 Qd6 25. Qe5 Qxe5 26. fxe5 f4 27. Rg4 Rf5 28. d4 c5 29. dxc5 Rd7 30. Rd1 Rxd1+ 31. Kxd1 Rxe5 32. Rxf4 Rxc5 33. c4 Kg6 34. Kd2 a5 35. Kc3 Rf5 36. Rxf5 exf5 37. a4 1-0


[Site "https://www.chess.com"]

[Event "Titled Tuesday Blitz August 15 Early 2023"]
[White "Sipila, Vilka"]
[Black "Saito, Vinicius"]
[WhiteFideId "505455"]
[BlackFideId "2113384"]
[WhiteElo "2637"]
[BlackElo "2337"]
[Result "0-1"]
[Round "1"]
[TimeControl "180+1"]
[Date "2023.08.15"]
[WhiteClock "0:00:48"]
[BlackClock "0:00:25"]
[Board "134"]

1. d4 Nf6 2. Bf4 d5 3. e3 c5 4. Nd2 Nc6 5. c3 Qb6 6. Qb3 c4 7. Qc2 Bg4 8. Ngf3 Bh5 9. Ne5 Nxe5 10. Bxe5 Bg6 11. Qc1 Nd7 12. Bg3 e6 13. b3 cxb3 14. axb3 Be7 15. Be2 O-O 16. O-O Rfc8 17. Qb2 Nf6 18. f3 a6 19. b4 Bd6 20. Rfc1 Qc7 21. Bxd6 Qxd6 22. Nb3 Rc7 23. Nc5 Rac8 24. b5 axb5 25. Qxb5 b6 26. Ra6 Rb8 27. Rca1 h5 28. Ra8 Rcc8 29. Rxb8 Rxb8 30. Ra6 e5 31. Na4 exd4 32. cxd4 Nd7 33. Nc3 Nf6 34. g3 Bf5 35. Ra7 Be6 36. Qa6 Qc6 37. Qa3 h4 38. gxh4 b5 39. Qc5 Qe8 40. Nxb5 Bd7 41. Nc7 Qxe3+ 42. Kg2 Qxe2+ 43. Kg3 Nh5# 0-1


[Site "https://www.chess.com"]

[Event "Titled Tuesday Blitz August 15 Early 2023"]
[White "Ziatdinov, Raset"]
[Black "Nefedov, Sergey"]
[WhiteFideId "2015323"]
[BlackFideId "24113417"]
[WhiteElo "2332"]
[BlackElo "2636"]
[Result "0-1"]
[Round "1"]
[TimeControl "180+1"]
[Date "2023.08.15"]
[WhiteClock "0:00:02"]
[BlackClock "0:01:39"]
[Board "135"]

1. e4 d5 2. exd5 Qxd5 3. Nc3 Qd8 4. d4 Nf6 5. Nf3 c6 6. Bc4 Bf5 7. O-O e6 8. Ne5 Nbd7 9. Bf4 Be7 10. Re1 O-O 11. Qf3 Nd5 12. Nxd5 cxd5 13. Bd3 Nxe5 14. Bxe5 Bxd3 15. Qxd3 Bf6 16. c3 Bxe5 17. Rxe5 Qf6 18. Rae1 Rfc8 19. Qb5 Rab8 20. a4 Qd8 21. f4 g6 22. g3 a6 23. Qb3 b5 24. axb5 axb5 25. Ra1 b4 26. cxb4 Qb6 27. b5 Qxd4+ 28. Kg2 Qc4 29. Qxc4 Rxc4 30. Ra7 Rxb5 31. Re2 Rcb4 32. Kh3 Rxb2 33. Re3 Rb7 34. Ra8+ Kg7 35. Rea3 Re2 36. Rd8 h5 37. Raa8 Rbb2 38. g4 Re3+ 39. Kh4 Rxh2+ 40. Kg5 f6# 0-1


[Site "https://www.chess.com"]

[Event "Titled Tuesday Blitz August 15 Early 2023"]
[White "Bagrationi, Alexander"]
[Black "Lach, Aleksandra"]
[WhiteFideId "14104954"]
[BlackFideId "1134299"]
[WhiteElo "2636"]
[BlackElo "2329"]
[Result "0-1"]
[Round "1"]
[TimeControl "180+1"]
[Date "2023.08.15"]
[WhiteClock "0:00:35"]
[BlackClock "0:01:23"]
[Board "136"]

1. d4 f5 2. g3 Nf6 3. Bg2 g6 4. c4 Bg7 5. Nc3 O-O 6. Nf3 d6 7. O-O c6 8. Re1 Ne4 9. Nxe4 fxe4 10. Ng5 d5 11. cxd5 cxd5 12. Qb3 e6 13. f3 h6 14. Nh3 exf3 15. Bxf3 Bxd4+ 16. Kg2 Bg7 17. Nf4 g5 18. Nh5 Nc6 19. Nxg7 Kxg7 20. h4 gxh4 21. Rh1 Rf6 22. Rxh4 Rg6 23. Rxh6 Rxh6 24. Bxh6+ Kxh6 25. Qe3+ Qg5 26. Rh1+ Kg6 27. Bh5+ Qxh5 28. Rxh5 Kxh5 29. Qf3+ Kg6 30. Qf8 Rb8 31. Qe8+ Kg7 32. g4 e5 33. Kg3 Bxg4 0-1


[Site "https://www.chess.com"]

[Event "Titled Tuesday Blitz August 15 Early 2023"]
[White "Rian, Kapriaga"]
[Black "Ovchinnikov, Vsevolod"]
[WhiteFideId "7103263"]
[BlackFideId "24176842"]
[WhiteElo "2329"]
[BlackElo "2635"]
[Result "1-0"]
[Round "1"]
[TimeControl "180+1"]
[Date "2023.08.15"]
[WhiteClock "0:00:08"]
[BlackClock "0:00:00"]
[Board "137"]

1. d4 Nf6 2. Nf3 g6 3. Bg5 Bg7 4. Nbd2 d5 5. e3 O-O 6. Be2 c5 7. c3 b6 8. O-O Bb7 9. Ne5 Nbd7 10. f4 Ne8 11. Nxd7 Qxd7 12. b4 cxb4 13. cxb4 Nd6 14. a4 Rfc8 15. Qb3 Rc7 16. Rfc1 Rac8 17. Qb2 e6 18. b5 Nf5 19. Nf1 h6 20. g4 hxg5 21. gxf5 exf5 22. fxg5 Qe7 23. h4 Rxc1 24. Rxc1 Rxc1 25. Qxc1 f4 26. Kf2 fxe3+ 27. Qxe3 Qb4 28. Qe8+ Bf8 29. Qe3 Qxa4 30. h5 gxh5 31. Bxh5 Qxb5 32. Qf4 Qd7 33. Ne3 Bd6 34. Qf6 Qe7 35. Qf5 Bc6 36. Ng4 1-0


[Site "https://www.chess.com"]

[Event "Titled Tuesday Blitz August 15 Early 2023"]
[White "Arias, Juan Cruz"]
[Black "Lopez Gracia, Fernando"]
[WhiteFideId "118540"]
[BlackFideId "2207184"]
[WhiteElo "2635"]
[BlackElo "2327"]
[Result "1-0"]
[Round "1"]
[TimeControl "180+1"]
[Date "2023.08.15"]
[WhiteClock "0:00:23"]
[BlackClock "0:00:00"]
[Board "138"]

1. d4 Nf6 2. Nf3 e6 3. e3 d5 4. Bd3 c5 5. c3 Nc6 6. O-O b6 7. Nbd2 Bb7 8. b3 Bd6 9. Bb2 O-O 10. c4 Re8 11. Rc1 Rc8 12. Qe2 h6 13. Rfd1 Qe7 14. cxd5 exd5 15. dxc5 bxc5 16. Ba6 Bxa6 17. Qxa6 Nb4 18. Qa4 Nd3 19. Rc2 Ne4 20. Nf1 Nxb2 21. Rxb2 Qf6 22. Qa3 Rc6 23. Rc2 c4 24. Qa4 Rec8 25. bxc4 dxc4 26. Rdc1 c3 27. Qxe4 Rc4 28. Qd3 Ba3 29. Rd1 Rb4 30. Ng3 Rb2 31. Nd4 g6 32. Ne4 Qe7 33. Nxc3 Rxc2 34. Nxc2 Bb2 35. Ne2 Qc5 36. Ncd4 Rd8 37. h3 Kg7 38. Qb3 Ba3 39. Nf3 a5 40. Nf4 Rxd1+ 41. Qxd1 Qb4 42. Qd4+ Qxd4 43. exd4 Bb2 44. Nd3 Bc3 45. Kf1 Kf6 46. Ke2 Kf5 47. Ke3 Ke6 48. Nf4+ Kd6 49. Kd3 Ba1 50. Ne2 1-0


[Site "https://www.chess.com"]

[Event "Titled Tuesday Blitz August 15 Early 2023"]
[White "Martin, Lewis"]
[Black "Eynullayev, Atilla"]
[WhiteFideId "410551"]
[BlackFideId "13413570"]
[WhiteElo "2327"]
[BlackElo "2632"]
[Result "0-1"]
[Round "1"]
[TimeControl "180+1"]
[Date "2023.08.15"]
[WhiteClock "0:00:20"]
[BlackClock "0:00:42"]
[Board "139"]

1. e4 c5 2. Nf3 e6 3. d4 cxd4 4. Nxd4 a6 5. Nc3 b5 6. a3 Bb7 7. g3 Nc6 8. Nde2 Bc5 9. Bg2 Nge7 10. O-O O-O 11. b4 Bb6 12. Bb2 Ne5 13. Kh1 Nc4 14. Bc1 f5 15. a4 fxe4 16. axb5 axb5 17. Rxa8 Qxa8 18. Nxb5 e3 19. f3 d5 20. Nbd4 e5 21. Nb3 d4 22. Ng1 Nd5 23. Qd3 Nd6 24. Nc5 Bc6 25. c4 Nxb4 0-1


[Site "https://www.chess.com"]

[Event "Titled Tuesday Blitz August 15 Early 2023"]
[White "Gamayev, Oleg"]
[Black "Osinovsky, Stepan"]
[WhiteFideId "2802813"]
[BlackFideId "4157354"]
[WhiteElo "2631"]
[BlackElo "2323"]
[Result "0-1"]
[Round "1"]
[TimeControl "180+1"]
[Date "2023.08.15"]
[WhiteClock "0:02:35"]
[BlackClock "0:00:12"]
[Board "140"]

1. d3 Nf6 2. e4 g6 3. Nf3 Bg7 4. Be2 O-O 5. O-O d5 6. exd5 Nxd5 7. c3 b6 8. Re1 Bb7 9. Bf1 c5 10. Nbd2 Nc6 11. Nb3 Qd7 12. a4 a5 13. Nbd2 Rad8 14. Nc4 Qc7 15. Qb3 Ba8 16. Bg5 Rb8 17. Na3 Qd7 18. Nb5 h6 19. Bc1 Kh7 20. Nd2 Nf4 21. Qc4 Qg4 22. Re3 Ne5 23. Qb3 Bxg2 24. Bxg2 Qxg2# 0-1


[Site "https://www.chess.com"]

[Event "Titled Tuesday Blitz August 15 Early 2023"]
[White "Iunusovnuriddin"]
[Black "Kuzhilniy, Oleksandr"]
[BlackFideId "34110500"]
[WhiteElo "2322"]
[BlackElo "2628"]
[Result "0-1"]
[Round "1"]
[TimeControl "180+1"]
[Date "2023.08.15"]
[WhiteClock "0:00:11"]
[BlackClock "0:00:13"]
[Board "141"]

1. e4 e6 2. d4 b6 3. Nc3 Bb7 4. f4 Bb4 5. Bd3 Nf6 6. Qe2 d5 7. e5 Ne4 8. Bxe4 dxe4 9. Be3 Nc6 10. Rd1 Ne7 11. a3 Bxc3+ 12. bxc3 Nf5 13. Nh3 Qe7 14. Ra1 Qh4+ 15. Nf2 O-O 16. g4 Ne7 17. O-O Nd5 18. Nxe4 Nxe3 19. Qxe3 Qxg4+ 20. Qg3 Qf5 21. Nf2 Qxc2 22. Rac1 Qg6 23. c4 Rfd8 24. Rfd1 c5 25. dxc5 bxc5 26. Qxg6 hxg6 27. Nd3 Bf3 28. Rd2 Rd4 29. Kf2 Rad8 30. Ke3 Be4 31. Rcd1 Bxd3 32. Rxd3 Rxd3+ 33. Rxd3 Rxd3+ 34. Kxd3 Kh7 35. Kc3 Kh6 36. Kb3 g5 37. fxg5+ Kxg5 38. Ka4 f5 39. Kb5 f4 40. Kxc5 f3 41. Kd6 f2 42. c5 f1=Q 43. c6 Qa6 44. Kd7 Qb5 45. Kd6 Qd5+ 46. Kc7 Qxe5+ 0-1


[Site "https://www.chess.com"]